 Dungeon Crawl Stone Soup version 0.30-b1-2-g02819fbbbe (webtiles) character file.

Game seed: 3845654612426941877

14891 LLlMATKO the Fighter (level 11, 0/160 HPs)
             Began as a Minotaur Berserker on Oct 26, 2023.
             Was an Elder of Trog.
             Slain by a minotaur
             ... wielding the +10 rapier "Fetaph" {flame, Will+ Str+2 Int-2 Dex+8}
              (11 damage)
             ... in a Gauntlet.
             The game lasted 00:16:03 (10846 turns).

LLlMATKO the Fighter (Minotaur Berserker)          Turns: 10846, Time: 00:16:04

Health: 0/160      AC: 22    Str: 28    XL:     11   Next: 94%
Magic:  0/10       EV: 10    Int:  6    God:    Trog [****..]
Gold:   647        SH: 10    Dex: 10    Spells: 10/10 levels left

rFire   . . .        S - +3 war axe (flame)
rCold   + + .        I - +0 kite shield
rNeg    . . .        L - +0 plate armour
rPois   +            o - +1 hat
rElec   .            x - +2 cloak {rPois}
rCorr   .            G - +1 pair of gloves
SInv    .            (no boots)
Will    +++..        P - amulet of Necuzij {Spirit rC+ Str+2 Int+2 Slay+3} Stlth
                     n - ring of willpower
HPRegen 1.46/turn    J - ring of protection from cold
MPRegen 0.12/turn

%: no teleportation, guardian spirit
@: berserking, strong-willed, regenerating, studying Fighting, very quick
A: horns 2, retaliatory headbutt
a: Renounce Religion, Berserk, Trog's Hand, Brothers in Arms


You were in a Gauntlet.
You worshipped Trog.
Trog was greatly pleased with you.
You visited 2 branches of the dungeon, and saw 11 of its levels.
You also visited: Ossuary and Gauntlet.

You collected 647 gold pieces.

Inventory:

Hand Weapons
 a - a +0 heavy hand axe
 y - the +5 woodcutter's axe
   (You found it on level 3 of the Dungeon)
 A - a +0 hand axe
 S - a +3 war axe of flaming (weapon)
Missiles
 b - 4 javelins (quivered)
 j - 9 curare-tipped darts
 k - 39 poisoned darts
 v - 4 throwing nets
Armour
 o - a +1 hat (worn)
 x - a +2 cloak of poison resistance (worn)
 G - a +1 pair of gloves (worn)
 I - a +0 kite shield (worn)
 L - a +0 plate armour (worn)
Jewellery
 n - a ring of willpower (left hand)
 J - a ring of protection from cold (right hand)
 M - the ring "Xuxzim" {Fire *Corrode rElec rN+ Dex+3 SInv}
   (You found it on level 7 of the Dungeon)

   [ring of fire]

   It enhances your fire magic.
   Dex:       It affects your dexterity (+3).
   rF:        It protects you from fire.
   rC:        It makes you vulnerable to cold.
   rElec:     It insulates you from electricity.
   rN:        It protects you from negative energy.
   SInv:      It lets you see invisible.
   *Corrode:  It may corrode you when you take damage.
 P - the amulet of Necuzij (around neck) {Spirit rC+ Str+2 Int+2 Slay+3}
   (You found it in a Gauntlet)

   [amulet of guardian spirit]

   It causes incoming damage to be divided between your reserves of health and
   magic.
   Str:       It affects your strength (+2).
   Int:       It affects your intelligence (+2).
   Slay:      It affects your accuracy & damage with ranged weapons and melee
   (+3).
   rC:        It protects you from cold.
Wands
 E - a wand of flame (37)
 K - a wand of acid (16)
 N - a wand of iceblast (9)
 Q - a wand of polymorph (5)
 R - a wand of paralysis (4)
Scrolls
 c - 14 scrolls of identify
 e - 10 scrolls of teleportation
 h - a scroll of enchant armour
 l - a scroll of poison
 w - a scroll of fog
 D - a scroll of acquirement
 H - 2 scrolls of summoning
 T - a scroll of vulnerability
Potions
 d - a potion of degeneration {unknown}
 f - 9 potions of curing
 g - 3 potions of attraction {unknown}
 i - 2 potions of resistance {unknown}
 m - a potion of berserk rage
 q - a potion of invisibility {unknown}
 r - 5 potions of mutation {unknown}
 s - 3 potions of ambrosia {unknown}
 t - a potion of magic {unknown}
 u - 2 potions of brilliance {unknown}
 z - a potion of haste
 B - 3 potions of might {unknown}
 C - a potion of flight {unknown}
 F - 2 potions of heal wounds {unknown}
 O - 3 potions of lignification {unknown}


   Skills:
 + Level 13.5 Fighting
 + Level 11.6 Axes
 + Level 11.2 Armour
 + Level 10.3 Dodging
 + Level 8.2 Shields


You had 10 spell levels left.
You didn't know any spells.
Your spell library was empty.

Dungeon Overview and Level Annotations

Branches:
Dungeon (10/15)            Temple (0/1) D:6            Lair (1/5) D:10
Ossuary (visited)         Gauntlet (1/1)
    Orc: D:9-12

Altars:
Ashenzari
Cheibriados
Dithmenos
Elyvilon
Gozag
Hepliaklqana
Kikubaaqudgha
Makhleb
Nemelex Xobeh
Qazlal
Sif Muna
Trog
Uskayaw
Vehumet
Wu Jian
Yredelemnul
The Shining One

Shops:
D:7 (   D:10 *

Annotations:
D:6 1 runed translucent door, m76s's ghost, novice MiFi Gauntlet 12 transporters, 17 runed translucent doors, exclusion: ice statue


Innate Abilities, Weirdness & Mutations

You have a pair of horns on your head.
You reflexively headbutt those who attack you in melee.


Message History

The minotaur hits you with the +10 rapier "Fetaph" {flame, Will+ Str+2 Int-2 Dex+8}!
The minotaur burns you.
The minotaur gores you but does no damage.
The minotaur blocks your attack.
Unknown command.
The minotaur blocks your attack.
Your headbutt misses the minotaur. You block the minotaur's attack.
The minotaur barely misses you.
Unknown command.
You slice the minotaur!! You burn the minotaur!
The minotaur is severely wounded.
The minotaur drinks a potion.
The minotaur goes berserk!
Unknown command.
The minotaur blocks your attack.
The minotaur is severely wounded.
The minotaur hits you with the +10 rapier "Fetaph" {flame, Will+ Str+2 Int-2 Dex+8}!!!
The minotaur burns you!! The minotaur gores you!
Unknown command.
You are too injured to fight recklessly!
The minotaur blocks your attack.
Your headbutt misses the minotaur.
The minotaur is severely wounded.
The minotaur hits you with the +10 rapier "Fetaph" {flame, Will+ Str+2 Int-2 Dex+8}!!
* * * LOW HITPOINT WARNING * * *
The minotaur burns you!
* * * LOW HITPOINT WARNING * * *
You block the minotaur's attack.
You slash the minotaur! You burn the minotaur.
The minotaur is severely wounded.
You block the minotaur's attack. The minotaur gores you!
* * * LOW HITPOINT WARNING * * *
Unknown command.
The minotaur blocks your attack.
You headbutt the minotaur, but do no damage.
The minotaur is severely wounded.
The minotaur hits you but does no damage.
You block the minotaur's attack.
Unknown command.
The minotaur blocks your attack.
You headbutt the minotaur!
The minotaur is almost dead.
You block the minotaur's attack. The minotaur gores you!
You die...

#:. #8. ####[. #### ###8.#8H
#.8### #....#.. #....# #.#..#8.
#..#.# #.#..##'##@.#.#
#........H....# #.#.##.#.##.#.#
#.#....#....#.#
###.#.#######.#.###
#≈...............≈#
####8..©.©.©.©.©.©..8#### ### ##
#8##≈...............≈##8# #8# #8
#################################


You could see a minotaur (berserk).

Vanquished Creatures
  A great orb of eyes (Gauntlet)
  A catoblepas (Gauntlet)
  2 two-headed ogres (D:10)
  Pikel (D:8)
  2 ugly things (Gauntlet)
  A molten gargoyle (D:10)
  A gargoyle (Gauntlet)
  A kobold demonologist (D:10)
  A komodo dragon (Lair:1)
  A hornet (D:10)
  A shadow (D:10)
  6 wyverns
  A neqoxec (Gauntlet)
  23 yaks
  A wraith (Ossuary)
  3 chaos spawn (Gauntlet)
  4 water moccasins
  2 acid dragons (D:10)
  An ice beast (D:6)
  3 sky beasts
  6 black bears
  3 ogres
  5 centaurs
  4 lemures (D:8)
  5 kobold brigands
  3 bullfrogs
  An elf zombie (Ossuary)
  2 gnoll sergeants
  2 scorpions
  5 killer bees (D:8)
  8 howler monkeys
  3 electric eels (D:6)
  4 jellies
  4 hounds
  3 orc priests
  2 gnoll boudas
  A scorpion zombie (D:3)
  5 iguanas
  10 orc wizards
  A hound zombie (D:3)
  3 mummies (Ossuary)
  30 gnolls
  6 adders
  2 shadow imps
  3 white imps
  4 ufetubi
  2 adder zombies (D:3)
  A worm (D:4)
  4 dart slugs
  20 orcs
  2 bats
  9 endoplasms
  7 giant cockroaches
  A gnoll zombie (Ossuary)
  10 goblins
  7 hobgoblins
  7 jackals
  19 kobolds
  7 quokkas
  9 ball pythons
  5 frilled lizards
  2 goblin zombies (Ossuary)
  4 hobgoblin zombies (Ossuary)
  4 kobold zombies (Ossuary)
  11 rats
313 creatures vanquished.

Vanquished Creatures (others)
  2 bushes (D:10)
  8 fungi
  35 plants
45 creatures vanquished.

Grand Total: 358 creatures vanquished

Notes
Turn   | Place    | Note
-------+----------+-------------------------------------------
     0 | D:1      | LLlMATKO the Minotaur Berserker began the quest for the
                  | Orb.
     0 | D:1      | Reached XP level 1. HP: 19/19 MP: 0/0
     1 | D:1      | Found a burning altar of Makhleb.
   155 | D:1      | Reached XP level 2. HP: 27/27 MP: 1/1
   357 | D:1      | Reached skill level 4 in Fighting
   511 | D:1      | Reached ** piety under Trog
   526 | D:1      | Reached XP level 3. HP: 32/33 MP: 2/2
  1090 | D:2      | Reached XP level 4. HP: 18/41 MP: 3/3
  1423 | D:2      | You fall into a shaft and drop 2 floors!
  1625 | D:4      | Found a hide-covered altar of Uskayaw.
  1708 | D:4      | Reached XP level 5. HP: 45/47 MP: 4/4
  1716 | D:4      | Found an opulent altar of Gozag.
  1756 | D:3      | Found a faded altar of an unknown god.
  1790 | D:3      | Found a basalt altar of Yredelemnul.
  1803 | D:3      | Reached skill level 5 in Axes
  1804 | D:3      | Reached *** piety under Trog
  1805 | D:3      | Reached skill level 5 in Fighting
  1949 | D:3      | Reached XP level 6. HP: 56/56 MP: 5/5
  2045 | D:3      | Found a shadowy altar of Dithmenos.
  2295 | D:3      | Found a white marble altar of Elyvilon.
  2867 | D:3      | Found the +5 woodcutter's axe
  3304 | D:4      | Reached XP level 7. HP: 62/62 MP: 6/6
  3493 | D:4      | Found a bloodstained altar of Trog.
  3537 | D:5      | Entered Level 5 of the Dungeon
  3543 | D:5      | Reached skill level 5 in Armour
  3562 | D:5      | Reached skill level 6 in Fighting
  3728 | D:5      | Reached skill level 5 in Dodging
  3829 | D:5      | Reached **** piety under Trog
  3835 | D:5      | Reached XP level 8. HP: 71/71 MP: 5/7
  4124 | D:5      | Found a broken altar of Ashenzari.
  4321 | D:6      | Reached skill level 7 in Fighting
  4363 | D:6      | Found an ornate altar of the Wu Jian Council.
  4796 | D:6      | Found a staircase to the Ecumenical Temple.
  4838 | D:6      | Found a runed translucent door.
  4840 | D:6      | Noticed m76s's ghost (novice MiFi)
  4840 | D:6      | Noticed a gargoyle
  5337 | D:6      | Found a glowing golden altar of the Shining One.
  5588 | D:7      | Reached XP level 9. HP: 80/81 MP: 8/8
  5595 | D:7      | Reached skill level 8 in Fighting
  5650 | D:7      | Identified the +1 mace of the Destroying Whale {elec,
                  | Contam Str+6}
  5846 | D:7      | Reached skill level 1 in Shields
  5851 | D:7      | Found Joilamn's Antique Weapon Emporium.
  5969 | D:7      | Reached ***** piety under Trog
  5971 | D:7      | Identified the ring "Xuxzim" {Fire *Corrode rElec rN+ Dex+3
                  | SInv}
  6321 | D:8      | Identified a scroll of acquirement
  6321 | D:8      | Acquired a manual of Fighting
  6332 | D:8      | Reached skill level 9 in Fighting
  6339 | D:8      | Found a snail-covered altar of Cheibriados.
  6343 | D:8      | Noticed Pikel
  6356 | D:8      | Killed Pikel
  6357 | D:8      | Reached XP level 10. HP: 65/91 MP: 4/9
  6397 | D:8      | Found a sparkling altar of Nemelex Xobeh.
  6404 | D:8      | Found a sand-covered staircase.
  6412 | Ossuary  | Entered an ossuary
  6858 | D:8      | Received a gift from Trog
  6965 | D:8      | Reached skill level 10 in Fighting
  7202 | D:8      | Reached skill level 5 in Shields
  7598 | D:9      | Reached skill level 10 in Axes
  7698 | D:9      | Reached skill level 11 in Fighting
  8008 | D:9      | Found a stormy altar of Qazlal.
  8124 | D:10     | Entered Level 10 of the Dungeon
  8150 | D:10     | Noticed a two-headed ogre
  8159 | D:10     | Killed a two-headed ogre
  8160 | D:10     | Reached skill level 10 in Armour
  8160 | D:10     | Reached XP level 11. HP: 103/103 MP: 7/10
  8519 | D:10     | Found Poudurhe's Assorted Antiques.
  8691 | D:10     | Found a hazy altar of Hepliaklqana.
  8692 | D:10     | Found a faded altar of an unknown god.
  8848 | D:10     | Found a radiant altar of Vehumet.
  8860 | D:10     | Found an ancient bone altar of Kikubaaqudgha.
  8878 | D:10     | Found a shimmering blue altar of Sif Muna.
  8942 | D:10     | Reached skill level 12 in Fighting
  9235 | D:10     | Found a staircase to the Lair.
  9267 | D:10     | Received a gift from Trog
  9267 | D:10     | Noticed a soul eater
  9566 | D:10     | Noticed a two-headed ogre
  9577 | D:10     | Killed a two-headed ogre
  9823 | Lair:1   | Entered Level 1 of the Lair of Beasts
 10010 | Lair:1   | Found a gate leading to a gauntlet.
 10025 | Gauntlet | Entered a Gauntlet
 10025 | Gauntlet | Found a transporter.
 10025 | Gauntlet | Found a large runed translucent door.
 10025 | Gauntlet | Found a large runed translucent door.
 10025 | Gauntlet | Found a large runed translucent door.
 10025 | Gauntlet | Found a large runed translucent door.
 10025 | Gauntlet | Found a runed translucent door.
 10025 | Gauntlet | Found a runed translucent door.
 10025 | Gauntlet | Found a large runed translucent door.
 10025 | Gauntlet | Found a large runed translucent door.
 10025 | Gauntlet | Found a large runed translucent door.
 10025 | Gauntlet | Found a large runed translucent door.
 10025 | Gauntlet | Found a large runed translucent door.
 10025 | Gauntlet | Found a large runed translucent door.
 10053 | Gauntlet | Found a large runed translucent door.
 10053 | Gauntlet | Found a large runed translucent door.
 10064 | Gauntlet | Found a transporter.
 10077 | Gauntlet | Found a transporter.
 10082 | Gauntlet | Found a transporter.
 10099 | Gauntlet | Found a transporter.
 10099 | Gauntlet | Noticed a ghost crab
 10113 | Gauntlet | Noticed a death scarab
 10116 | Gauntlet | Found a transporter.
 10127 | Gauntlet | Noticed a death scarab
 10128 | Gauntlet | Found a transporter.
 10128 | Gauntlet | Noticed a dire elephant
 10140 | Gauntlet | Found a transporter.
 10142 | Gauntlet | Noticed a great orb of eyes
 10143 | Gauntlet | Noticed a red ugly thing
 10143 | Gauntlet | Noticed a white ugly thing
 10152 | Gauntlet | Found a transporter.
 10160 | Gauntlet | Noticed a catoblepas
 10161 | Gauntlet | Noticed a reaper
 10164 | Gauntlet | Found a transporter.
 10181 | Gauntlet | Found a transporter.
 10198 | Gauntlet | Found a transporter.
 10200 | Gauntlet | Found a transporter.
 10222 | Gauntlet | Found a large runed translucent door.
 10222 | Gauntlet | Found a large runed translucent door.
 10225 | Gauntlet | Found a runed translucent gate.
 10225 | Gauntlet | Found a runed translucent gate.
 10225 | Gauntlet | Found a runed translucent gate.
 10226 | Gauntlet | Noticed a catoblepas
 10227 | Gauntlet | Found a transporter.
 10229 | Gauntlet | Found a transporter.
 10235 | Gauntlet | Found a large runed translucent door.
 10236 | Gauntlet | Found a large runed translucent door.
 10249 | Gauntlet | Found a transporter.
 10327 | Gauntlet | Found a transporter.
 10347 | Gauntlet | Found a transporter.
 10463 | Gauntlet | Killed a catoblepas
 10464 | Gauntlet | Reached skill level 13 in Fighting
 10464 | Gauntlet | Reached skill level 10 in Dodging
 10747 | Gauntlet | Killed a red ugly thing
 10752 | Gauntlet | Killed a white ugly thing
 10752 | Gauntlet | Killed a great orb of eyes
 10756 | Gauntlet | Identified the amulet of Necuzij {Spirit rC+ Str+2 Int+2
                  | Slay+3}
 10758 | Gauntlet | Identified the +3 helmet of the Tired Mauling Orbs {Int+4}
 10832 | Gauntlet | Identified the +10 rapier "Fetaph" {flame, Will+ Str+2
                  | Int-2 Dex+8}
 10832 | Gauntlet | Identified the +7 chain mail of Valiance {Harm +Inv Slay-4}
 10832 | Gauntlet | Noticed a minotaur
 10846 | Gauntlet | Slain by a minotaur

Illustrated notes

Levels and vault maps discovered:
D:1:      sevenhm_arrival_forest_fort_small_6, layout_loops_ring
D:2:      layout_rooms
D:3:      layout_loops_corners, grunt_dithmenos_smoke,
          nicolae_yredelemnul_corpse_copse, mainiacjoe_overflow_chevrons,
          hellmonk_ecumenical_altar_crossroads, chequers_serial_rivers_large_b,
          pf_guarded_unrand_woodcutter
D:4:      layout_basic, kennysheep_mini_moat, nicolae_uskayaw_dance_hall,
          mainiacjoe_overflow_24_doors, ebering_dispersal_statue_hall
D:5:      layout_rooms, mainiacjoe_overflow_catwalk, moated_statue
D:6:      layout_basic, amcnicky_altar_gilded, nicolae_overflow_hidden_temple,
          minmay_temple_entry_waves, ebering_ghost_inner_flame,
          chequers_big_river
D:7:      layout_rooms, serial_shops, shop, minmay_misc_feat_room,
          chequers_serial_rivers_small_a, grunt_potential
D:8:      layout_basic, mainiacjoe_overflow_small_starburst,
          mainiacjoe_overflow_tiny_flanked, nicolae_ossuary_entry_monument,
          uniq_pikel
D:9:      layout_long_grid, pf_just_have_faith
D:10:     layout_cave_pods, palyth_temple_overflow_mages,
          beargit_hepliaklqana_dungeon_heroes, minmay_lair_entry_grove,
          serial_shops, nicolae_shop_hallway_plus
Lair:1:   layout_cave_pods, gauntlet_entry_generic, grunt_megastairs_1,
          lemuel_fruit_fields
Gauntlet: gammafunk_gauntlet_one_two_three
          [minmay_gauntlet_arena_make_your_own_arena,
          gammafunk_gauntlet_arena_arrow_garden,
          gammafunk_gauntlet_arena_corners, nicolae_gauntlet_arena_blocks,
          nicolae_gauntlet_swirl, gammafunk_gauntlet_arena_crates,
          gammafunk_gauntlet_arena_split_diamond,
          nicolae_gauntlet_arena_grate_2, nicolae_gauntlet_arena_flowing_pool,
          nicolae_gauntlet_exit_dead_adventurers]

Skill      XL: |  1  2  3  4  5  6  7  8  9 10 11 |
---------------+----------------------------------+-----
Axes           | 4 5 6 8 9 10 11 | 11.6
Fighting       | 4 5 6 7 9 11 13 | 13.5
Armour         | 3 4 5 7 8 10 11 | 11.2
Dodging        | 3 4 5 6 8 9 10 | 10.3
Shields        | 4 6 8 |  8.2

Action                     |  1- 3 |  4- 6 |  7- 9 | 10-12 || total
---------------------------+-------+-------+-------+-------++-------
  Melee: Hand axe          |    75 |   155 |    90 |   223 ||   543
         Headbutt          |     6 |    25 |    33 |    56 ||   120
         Punch             |       |     3 |       |       ||     3
         Battleaxe         |       |    16 |   110 |       ||   126
         War axe           |       |       |       |    64 ||    64
 Invoke: Berserk           |     1 |     1 |     7 |     9 ||    18
         Trog's Hand       |       |       |       |     5 ||     5
    Use: Scroll            |       |       |    11 |     4 ||    15
   Stab: Sleeping          |     1 |       |       |       ||     1
 Armour: Animal skin       |     5 |       |       |       ||     5
         Chain mail        |     5 |    83 |   104 |       ||   192
         Plate armour      |       |       |    65 |   159 ||   224
  Dodge: Dodged            |    40 |    77 |   122 |   104 ||   343
  Block: Kite shield       |       |       |    43 |   128 ||   171
